 Dungeon Crawl Stone Soup version 0.30.1-9-gdf580d7c3d (webtiles) character file.

Game seed: 10680466832366427698

128 Kranky the Thaumaturge (level 5, -10/47 HPs)
             Began as a Gnoll Wanderer on Oct 22, 2023.
             Mangled by an ogre
             ... wielding a +0 giant club
              (19 damage)
             ... on level 4 of the Dungeon.
             The game lasted 00:03:59 (1878 turns).

Kranky the Thaumaturge (Gnoll Wanderer)             Turns: 1878, Time: 00:03:59

Health: -10/47     AC:  6    Str: 13    XL:     5   Next: 12%
Magic:  16/16      EV:  9    Int: 10    God:
Gold:   157        SH:  0    Dex: 13    Spells: 21/22 levels left

rFire   . . .        a - +1 sling
rCold   . . .        (no shield)
rNeg    . . .        e - +0 scale mail
rPois   .            (no helmet)
rElec   .            (no cloak)
rCorr   .            (no gloves)
SInv    .            (no boots)
Will    .....        d - amulet of magic regeneration Stlth
                     (no ring)
HPRegen 0.27/turn    (no ring)
MPRegen 0.55/turn

%: no passive effects
@: no status effects
A: fangs 1, strong nose, distributed training
a: no special abilities


You were on level 4 of the Dungeon.
You visited 2 branches of the dungeon, and saw 5 of its levels.

You collected 157 gold pieces.

Inventory:

Hand Weapons
 a - a +1 sling (weapon)
Missiles
 p - 4 curare-tipped darts
Armour
 c - a +0 leather armour
 e - a +0 scale mail (worn)
Jewellery
 d - an amulet of magic regeneration (around neck)
 s - a ring of see invisible
Scrolls
 i - 4 scrolls of identify {unknown}
 j - a scroll of enchant weapon {unknown}
 l - a scroll of fear {unknown}
 m - a scroll of butterflies {unknown}
 n - a scroll of vulnerability {unknown}
Potions
 b - 3 potions of mutation
 f - 2 potions of ambrosia {unknown}
 g - a potion of lignification {unknown}
 h - a potion of curing {unknown}
 k - 2 potions of magic {unknown}
 o - a potion of haste {unknown}
 q - a potion of flight {unknown}
 r - a potion of resistance {unknown}


   Skills:
 + Level 6.7 Fighting
 + Level 1.4 Short Blades
 + Level 1.4 Long Blades
 + Level 1.4 Axes
 + Level 1.4 Maces & Flails
 + Level 1.4 Polearms
 + Level 1.4 Staves
 + Level 2.9 Ranged Weapons
 + Level 1.4 Throwing
 + Level 1.4 Armour
 + Level 1.4 Dodging
 + Level 1.4 Stealth
 + Level 1.4 Shields
 + Level 1.4 Unarmed Combat
 + Level 9.4 Spellcasting
 + Level 1.1 Conjurations
 + Level 1.1 Hexes
 + Level 1.1 Summonings
 + Level 1.1 Necromancy
 + Level 1.1 Translocations
 + Level 1.1 Transmutations
 + Level 1.1 Fire Magic
 + Level 1.1 Ice Magic
 + Level 1.1 Air Magic
 + Level 1.1 Earth Magic
 + Level 1.1 Poison Magic
 + Level 1.6 Invocations
 + Level 2.9 Evocations


You had 21 spell levels left.
You knew the following spells:

 Your Spells              Type           Power      Damage    Failure   Level
a - Summon Small Mammal   Summ           28%        N/A       38%         1

Your spell library contained the following spells:

 Spells                   Type           Power      Damage    Failure   Level
 Blink                    Tloc           14%        N/A       54%         2
 Momentum Strike          Conj/Tloc      14%        3d8       54%         2
 Scorch                   Fire           14%        2d6       54%         2
 Ignite Poison            Fire/Tmut/Pois 7%         N/A       77%         3
 Portal Projectile        Hex/Tloc       14%        N/A       77%         3
 Flame Wave               Conj/Fire      7%         2d5       99%         4
 Sticky Flame             Conj/Fire      7%         2d3       99%         4
 Summon Cactus Giant      Summ           3%         N/A       100%        6
 Ignition                 Fire           3%         3d4       100%        8


Dungeon Overview and Level Annotations

Branches:
Dungeon (4/15)             Temple (1/1) D:4

Altars:
Cheibriados
Dithmenos
Hepliaklqana
Kikubaaqudgha
Makhleb
Nemelex Xobeh
Trog
Wu Jian
Zin
The Shining One


Innate Abilities, Weirdness & Mutations

You have very sharp teeth.
Your uncanny sense of smell can sniff out nearby items.
Your experience applies equally to all skills.


Message History

You see here an adder corpse.
s - a ring of see invisible No target in view!
Found a scale mail.
Found 6 stones.
Found a stone staircase leading up.
An ogre comes into view. It is wielding a +0 giant club.
The ogre shouts!
An ogre is nearby!
An ogre is nearby!
You shoot a sling bullet. The sling bullet hits the ogre.
The ogre is moderately wounded.
You shoot a sling bullet. The sling bullet hits the ogre.
The ogre is moderately wounded.
You shoot a sling bullet.
The sling bullet barely misses the ogre.
You shoot a sling bullet. The sling bullet hits the ogre.
The ogre is moderately wounded.
The ogre closely misses you.
You shoot a sling bullet. The sling bullet hits the ogre.
The ogre is heavily wounded.
The ogre hits you with a +0 giant club!
You shoot a sling bullet.
The sling bullet barely misses the ogre.
The ogre hits you with a +0 giant club!!
You are too injured to fight recklessly!
You are too injured to fight recklessly!
You are too injured to fight recklessly!
You are too injured to fight recklessly!
Unknown command.
You are too injured to fight recklessly!
The ogre attacks as you move away! The ogre hits you with a +0 giant club!
* * * LOW HITPOINT WARNING * * *
You are too injured to fight recklessly!
Found a coppery potion and a clear potion.
A goblin comes into view. It is wielding a +0 dagger.
The goblin shouts!
There is a stone staircase leading up here.
The ogre hits you with a +0 giant club!!
You die...

############
###...........# #
#................## ##
#.................# ##.
#...!.............# #..
#...g≈≈≈≈≈≈≈....# ##..
#....@O~..(.....###..#
#..!...~~.......##..##
##.....~........#....#
.#.................#.#
.##............~~..~.#
####.##..............~...#
#...#.###########..~~~.###
##.#.#.## ##.[....#
###.......# ##......##


You could see an ogre and a goblin.

Vanquished Creatures
  2 hounds
  2 adders
  A worm (D:2)
  4 dart slugs
  2 endoplasms
  A giant cockroach (D:2)
  6 goblins
  2 hobgoblins
  5 quokkas
  3 ball pythons
  3 bats
  5 frilled lizards
  3 kobolds
  3 rats (D:1)
42 creatures vanquished.

Notes
Turn   | Place    | Note
-------+----------+-------------------------------------------
     0 | D:1      | Reached skill level 9 in Spellcasting
     0 | D:1      | Kranky the Gnoll Wanderer began the quest for the Orb.
     0 | D:1      | Kranky set off with the following items: a +1 sling, a
                  | potion of mutation, a +0 leather armour; and the following
                  | spell memorised: Summon Small Mammal; and the following
                  | spells available to memorise: Blink, Momentum Strike,
                  | Portal Projectile.
     0 | D:1      | Reached XP level 1. HP: 23/23 MP: 10/10
   203 | D:1      | Reached XP level 2. HP: 29/29 MP: 12/12
   592 | D:2      | Reached XP level 3. HP: 34/35 MP: 13/13
   619 | D:2      | Reached skill level 1 in Invocations
   844 | D:2      | Reached skill level 1 in Short Blades
   844 | D:2      | Reached skill level 1 in Long Blades
   844 | D:2      | Reached skill level 1 in Axes
   844 | D:2      | Reached skill level 1 in Maces & Flails
   844 | D:2      | Reached skill level 1 in Polearms
   844 | D:2      | Reached skill level 1 in Staves
   844 | D:2      | Reached skill level 1 in Throwing
   844 | D:2      | Reached skill level 1 in Armour
   844 | D:2      | Reached skill level 1 in Dodging
   844 | D:2      | Reached skill level 1 in Stealth
   844 | D:2      | Reached skill level 1 in Shields
   844 | D:2      | Reached skill level 1 in Unarmed Combat
   966 | D:2      | Found an ornate altar of the Wu Jian Council.
  1400 | D:3      | Reached XP level 4. HP: 41/41 MP: 15/15
  1444 | D:3      | You fall into a shaft and drop 1 floor!
  1482 | D:4      | Found a staircase to the Ecumenical Temple.
  1492 | Temple   | Entered the Ecumenical Temple
  1511 | Temple   | Reached skill level 1 in Conjurations
  1511 | Temple   | Reached skill level 1 in Hexes
  1511 | Temple   | Reached skill level 1 in Summonings
  1511 | Temple   | Reached skill level 1 in Necromancy
  1511 | Temple   | Reached skill level 1 in Translocations
  1511 | Temple   | Reached skill level 1 in Transmutations
  1511 | Temple   | Reached skill level 1 in Fire Magic
  1511 | Temple   | Reached skill level 1 in Ice Magic
  1511 | Temple   | Reached skill level 1 in Air Magic
  1511 | Temple   | Reached skill level 1 in Earth Magic
  1511 | Temple   | Reached skill level 1 in Poison Magic
  1720 | D:4      | Reached XP level 5. HP: 37/47 MP: 16/16
  1849 | D:4      | Noticed an ogre
  1878 | D:4      | Mangled by an ogre

Illustrated notes

Levels and vault maps discovered:
D:1:      kilobyte_arrival_exit_the_forest, layout_basic
D:2:      layout_basic, basic_altar, reono_crystal_passage, hex_large,
          minmay_box_of_dots
D:3:      layout_loops_ring, ashenzari_altar_1
D:4:      layout_cave_pods, minmay_temple_entry_slanted, serial_rivers,
          chequers_serial_rivers_micro_e, chequers_serial_rivers_micro_b,
          chequers_serial_rivers_micro_c, chequers_serial_rivers_micro_e,
          serial_shops, nicolae_shop_industrial_runoff, uniq_natasha
Temple:   nicolae_temple_figure_zero

Skill      XL: |  1  2  3  4 |
---------------+-------------+-----
Spellcasting   | |  9.4
Invocations    | 1 |  1.6
Short Blades   | 1 |  1.4
Long Blades    | 1 |  1.4
Axes           | 1 |  1.4
Maces & Flails | 1 |  1.4
Polearms       | 1 |  1.4
Staves         | 1 |  1.4
Throwing       | 1 |  1.4
Armour         | 1 |  1.4
Dodging        | 1 |  1.4
Stealth        | 1 |  1.4
Shields        | 1 |  1.4
Unarmed Combat | 1 |  1.4
Conjurations   | 1 |  1.1
Hexes          | 1 |  1.1
Summonings     | 1 |  1.1
Necromancy     | 1 |  1.1
Translocations | 1 |  1.1
Transmutations | 1 |  1.1
Fire Magic     | 1 |  1.1
Ice Magic      | 1 |  1.1
Air Magic      | 1 |  1.1
Earth Magic    | 1 |  1.1
Poison Magic   | 1 |  1.1
Fighting       | |  6.7
Ranged Weapons | |  2.9
Evocations     | |  2.9

Action                     |  1- 3 |  4- 6 || total
---------------------------+-------+-------++-------
   Fire: Sling             |   120 |    50 ||   170
 Armour: Scale mail        |    19 |    35 ||    54
  Dodge: Dodged            |    25 |    34 ||    59
